Map: [ESL] Hecate

Players

LiquidElazer (Elazer)

  • Race: Zerg Zerg
  • League: Master
  • Spawn Location: 1:00

LiquidClem (Clem) - Winner!

  • Race: Terran Terran
  • League: Grandmaster
  • Spawn Location: 7:00

Event: IEM Katowice 2024

VOD

Have the link to the VOD?

Description

Time

  • Played on: Dec. 8, 2023, 1:57 p.m.
  • Length: 9:24

All games in this series

Show
View Real Time Build Order
Export as new Build Order

LiquidElazer Zerg 

Build Orders: Hatch First 

Get SALT Encoding   

  12  0:00  Drone  
  13  0:12  Overlord  
  13  0:17  Drone  
  14  0:30  Drone x2  
  16  0:48  Hatchery  
  15  0:51  Drone  
  15  0:54  Drone  
  17  0:58  Drone  
  17  1:00  Extractor  
  17  1:07  Drone  
  18  1:16  Spawning Pool  
  17  1:21  Drone  
  18  1:28  Drone  
  19  1:39  Drone  
  20  1:49  Drone  
  21  2:03  Queen x2, Metabolic Boost  
  21  2:04  Zergling x4  
  27  2:10  Zergling x2  
  27  2:12  Overlord  
  27  2:30  Hatchery  
  27  2:33  Drone  
  27  2:35  Drone x2  
  29  2:38  Drone  
  30  2:50  Queen  
  32  2:54  Overlord  
  32  2:56  Spore Crawler  
  31  2:59  Drone x2  
  31  3:02  Drone  
  35  3:08  Overlord  
  35  3:13  Drone x4  
  35  3:15  Drone  
  35  3:19  Drone  
  41  3:24  Queen  
  43  3:27  Queen  
  45  3:36  Drone  
  45  3:37  Drone, Overlord  
  47  3:42  Drone x4  
  47  3:48  Drone x2  
  53  3:52  Overlord  
  53  3:53  Drone  
  53  3:59  Drone x3  
  55  4:03  Queen  
  55  4:05  Queen  
  55  4:07  Drone x3  
  62  4:12  Drone  
  62  4:16  Overlord  
  63  4:21  Drone x3  
  63  4:23  Zergling x4  
  68  4:29  Zergling x4  
  70  4:33  Zergling x8  
  70  4:35  Overlord  
  74  4:39  Queen, Overlord  
  74  4:41  Lair  
  74  4:42  Drone  
  74  4:43  Queen  
  82  4:45  Drone x3  
  82  4:54  Extractor  
  82  4:55  Extractor  
  82  4:58  Drone x4  
  84  5:04  Drone x4  
  85  5:07  Spore Crawler  
  85  5:08  Spore Crawler  
  85  5:09  Drone, Spore Crawler  
  85  5:10  Drone x3  
  85  5:12  Drone  
  85  5:13  Drone x2  
  89  5:16  Drone  
  89  5:18  Extractor  
  89  5:19  Extractor  
  89  5:20  Drone  
  89  5:22  Baneling Nest  
  89  5:23  Drone x3  
  89  5:24  Evolution Chamber  
  89  5:26  Drone, Evolution Chamber  
  90  5:32  Overlord  
  90  5:36  Drone x2  
  90  5:38  Hatchery  
  90  5:42  Zergling x8  
  91  5:51  Overseer  
  91  5:55  Zerg Ground Armor Level 1  
  90  6:00  Drone x9  
  96  6:09  Drone x2  
  97  6:13  Overlord  
  97  6:15  Centrifugal Hooks  
  97  6:16  Zerg Melee Weapons Level 1, Overlord  
  96  6:22  Drone  
  97  6:29  Overlord  
  97  6:30  Zergling x16  
  105  6:33  Hatchery  
  105  6:34  Zergling x4  
  105  6:37  Pneumatized Carapace  
  105  6:38  Burrow  
  106  6:41  Hydralisk Den  
  106  6:44  Zergling x10  
  110  6:53  Overlord  
  110  6:54  Baneling x9  
  110  6:55  Zergling x6  
  110  6:59  Overlord  
  110  7:01  Drone x5  
  108  7:22  Overlord  
  107  7:23  Drone x4  
  107  7:24  Drone x6  
  116  7:30  Overlord  
  116  7:33  Drone  
  116  7:34  Zergling x14  
  122  7:38  Baneling x3, Grooved Spines  
  122  7:42  Overlord  
  120  7:45  Spore Crawler  
  119  7:51  Zergling x16  
  127  8:03  Zergling x20  
  136  8:08  Zergling x10  
  141  8:16  Hydralisk x6  
  141  8:17  Hatchery  
  141  8:18  Baneling x10  
  141  8:19  Baneling x4  
  152  8:21  Zergling x4  
  152  8:27  Zergling x14  
  151  8:30  Overseer x2  
  146  8:37  Zergling x14  
  140  8:47  Zergling x14  
  145  8:51  Hydralisk x5  
Show
View Real Time Build Order
Export as new Build Order

LiquidClem Terran - Winner!

Build Orders: Reaper Expand 

Get SALT Encoding   

  12  0:00  SCV  
  13  0:12  SCV  
  14  0:16  Supply Depot  
  14  0:24  SCV  
  15  0:38  SCV  
  15  0:40  Barracks  
  16  0:42  Refinery  
  16  0:50  SCV  
  17  1:02  SCV  
  18  1:14  SCV  
  19  1:26  Orbital Command, Reaper  
  20  1:40  Command Center  
  20  1:48  Supply Depot  
  20  1:51  SCV  
  21  1:58  Marine  
  22  2:05  SCV  
  23  2:12  Factory  
  23  2:17  SCV  
  23  2:20  Barracks Reactor  
  24  2:29  SCV  
  25  2:36  Command Center  
  25  2:41  SCV  
  26  2:53  Orbital Command  
  26  2:54  SCV  
  27  3:01  Starport  
  26  3:06  SCV  
  26  3:07  Refinery  
  26  3:09  Hellion  
  29  3:14  Hellion  
  32  3:21  Barracks Tech Lab  
  32  3:22  SCV  
  33  3:27  SCV  
  33  3:31  Hellion  
  35  3:34  SCV  
  35  3:35  Hellion  
  35  3:39  SCV  
  39  3:47  Banshee, SCV  
  43  3:49  Orbital Command  
  43  3:55  SCV  
  44  3:57  Hellion  
  44  4:02  Cloaking Field  
  46  4:03  Barracks Tech Lab, SCV  
  46  4:07  SCV  
  46  4:08  Supply Depot  
  48  4:15  SCV x2  
  50  4:20  SCV  
  50  4:23  Barracks  
  51  4:25  Factory Reactor  
  51  4:27  SCV  
  51  4:30  Barracks  
  52  4:32  Banshee, Supply Depot  
  52  4:35  SCV x2  
  52  4:37  Marine  
  58  4:39  SCV  
  59  4:47  Stimpack, SCV, Refinery  
  59  4:49  SCV  
  61  4:53  Refinery  
  61  4:54  SCV  
  61  4:55  Marine  
  61  4:56  Supply Depot  
  61  4:59  SCV  
  64  5:01  SCV  
  64  5:06  SCV  
  60  5:11  Barracks, SCV  
  60  5:12  Barracks  
  61  5:14  SCV  
  61  5:16  Factory Reactor  
  61  5:18  Supply Depot, Marine x2  
  61  5:20  Marine x2  
  67  5:25  Engineering Bay  
  67  5:26  Engineering Bay  
  67  5:27  SCV  
  67  5:28  SCV  
  69  5:30  Starport Reactor  
  69  5:31  Orbital Command, Marine  
  69  5:38  Marine x3  
  69  5:39  SCV, Marine  
  69  5:40  SCV  
  69  5:42  Supply Depot  
  75  5:49  Marine  
  76  5:51  SCV  
  76  5:52  SCV  
  76  5:54  Widow Mine x2  
  76  5:56  Marine x2  
  84  5:57  Supply Depot  
  84  5:59  SCV  
  84  6:01  Barracks Reactor x2, Marine  
  84  6:02  Marine  
  84  6:03  SCV  
  88  6:04  SCV  
  88  6:09  Medivac x2  
  88  6:10  Supply Depot  
  93  6:11  SCV  
  93  6:13  Marine  
  93  6:14  Terran Infantry Weapons Level 1  
  93  6:15  SCV  
  93  6:17  Terran Infantry Armor Level 1  
  97  6:18  SCV  
  97  6:21  Marine  
  97  6:22  Marine  
  97  6:23  SCV  
  100  6:26  Combat Shield  
  100  6:27  SCV  
  100  6:28  Refinery  
  100  6:30  Factory, SCV  
  100  6:31  Armory, Marine  
  103  6:35  SCV, Supply Depot  
  103  6:37  Supply Depot  
  103  6:39  SCV  
  105  6:42  Widow Mine x2  
  109  6:47  Marine x5, Medivac  
  109  6:49  Marine  
  109  6:50  Supply Depot  
  117  6:56  Marine x2  
  119  7:01  Supply Depot  
  119  7:04  Command Center, Supply Depot  
  119  7:06  Supply Depot  
  119  7:08  Medivac  
  121  7:09  Widow Mine  
  121  7:10  Widow Mine, Marine  
  121  7:14  Marine  
  122  7:15  Marine  
  122  7:17  Widow Mine  
  122  7:18  Marine x2  
  122  7:19  Marine x2  
  122  7:20  Marine  
  130  7:24  Marine, Supply Depot  
  130  7:25  Sensor Tower  
  130  7:26  Medivac  
  130  7:28  Marine  
  131  7:32  Marine  
  131  7:33  Marine, Widow Mine  
  131  7:36  Supply Depot  
  135  7:38  Drilling Claws  
  135  7:39  Medivac  
  135  7:40  Widow Mine, Marine x2  
  135  7:41  Marine  
  135  7:42  Marine  
  135  7:43  Marine  
  144  7:55  Barracks  
  144  7:56  Barracks  
  144  7:57  Barracks  
  144  7:58  Widow Mine, Medivac  
  148  8:02  Widow Mine, Marine  
  149  8:08  Marine, Widow Mine  
  149  8:09  Marine x4  
  149  8:10  Marauder, Marine x2  
  160  8:13  Concussive Shells  
  160  8:14  Supply Depot  
  160  8:15  Supply Depot  
  160  8:18  SCV x3  
  154  8:27  Marine  
  154  8:28  Widow Mine, Marine x4  
  154  8:31  SCV  
  154  8:32  Marine  
  152  8:42  Widow Mine x2, Marine x2  
  152  8:43  Barracks Tech Lab  
  152  8:44  Marine  
  152  8:46  SCV  
  161  8:49  Widow Mine  
  161  8:53  Barracks Tech Lab  
  161  8:54  Barracks Tech Lab, Marine  
  161  8:55  Marine  
  163  8:58  SCV  
  163  8:59  Marine x2  
  167  9:03  Widow Mine  
  167  9:06  Marine  
  168  9:11  Command Center  
  168  9:13  Refinery x2  

Tags
 
Add a new tag
Caveats
  • Supply blocks, unpowered buildings, or Contaminate may cause inaccurate times.
  • Supply counts are checked every 10 seconds.